 Dungeon Crawl Stone Soup version 0.31.0-9-g3a7656b989 (webtiles) character file.

Game seed: 2362870460763237532

462 qw the Shooter (level 6, -4/32 HPs)
             Began as a Spriggan Hunter on Feb 2, 2024.
             Incinerated by a bombardier beetle (6 damage)
             ... with a burning spray
             ... on level 5 of the Dungeon.
             The game lasted 00:00:13 (4149 turns).

qw the Shooter (Spriggan Hunter)                    Turns: 4149, Time: 00:00:14

Health: -4/32      AC:  3    Str:  7    XL:     6   Next: 79%
Magic:  7/7        EV: 27    Int: 10    God:
Gold:   191        SH:  0    Dex: 21    Spells: 5/5 levels left

rFire   . . .        m - +0 arbalest
rCold   . . .        (shield currently unavailable)
rNeg    . . .        c - +0 robe
rPois   .            d - +1 hat
rElec   .            (no cloak)
rCorr   .            (gloves unavailable)
SInv    +            (boots unavailable)
Will    +....        (no amulet)
Stlth   +            b - +5 ring of evasion
HPRegen 0.25/turn    (no ring)
MPRegen 0.10/turn

%: no passive effects
@: on fire, glowing, very quick
A: very small, no large weapons, unfitting armour, see invisible, speed 3
a: no special abilities


You were on level 5 of the Dungeon.
You visited 1 branch of the dungeon, and saw 5 of its levels.
You also visited: Sewer.

You collected 191 gold pieces.


Innate Abilities, Weirdness & Mutations

You are very small and have problems with some larger weapons.
You are too small for most types of armour.
You have supernaturally acute eyesight. (SInv)
You cover ground extremely quickly. (Speed+++)


   Skills:
 - Level 2.8 Fighting
 + Level 6.3 Ranged Weapons
 - Level 6.2 Dodging
 - Level 1.5 Stealth


You had 5 spell levels left.
You didn't know any spells.
Your spell library was empty.

Inventory:

Hand Weapons
 m - a +0 arbalest (weapon)
Armour
 c - a +0 robe (worn)
 d - a +1 hat (worn)
Jewellery
 b - a +5 ring of evasion (left hand)
 g - a ring of fire
Scrolls
 a - a scroll of identify
Potions
 h - 2 potions of might
 i - 4 potions of enlightenment
 j - 5 potions of curing
 k - a potion of haste

Dungeon Overview and Level Annotations

Branches:
Dungeon (5/15)              Sewer (visited)
 Temple: D:4-7

Altars:

Annotations:
D:4 1 runed translucent door, Crazy Yiuf


Message History

The bombardier beetle sprays incendiary fluid at you.
The burning spray hits you.
You are covered in liquid fire!
You shoot a bolt. The bolt hits the bombardier beetle!!
You kill the bombardier beetle!
The liquid fire burns you!
You are on fire!
The liquid fire burns you!
An orc comes into view. It is wielding a +2 trident of venom.
You shoot a bolt. The bolt hits the orc!
You kill the orc!
The liquid fire burns you!
An orc wizard comes into view. It is wielding a +0 dagger.
You shoot a bolt. The bolt barely misses the orc wizard.
The liquid fire burns you!
You hear a shout!
The orc wizard hits you with a +0 dagger.
You shoot a bolt. The bolt misses the orc wizard.
The liquid fire burns you!
The orc wizard hits you with a +0 dagger.
4145 ||| READING scroll of teleportation.
As you read the scroll of teleportation, it crumbles to dust.
You feel strangely unstable. The liquid fire burns you!
The orc wizard barely misses you.
4146 ||| DRINKING potion of heal wounds.
You feel much better. The liquid fire burns you!
The orc wizard completely misses you.
You shoot a bolt. The bolt barely misses the orc wizard.
The liquid fire burns you! The orc wizard barely misses you.
An orc comes into view. It is wielding a +0 trident.
The orc wizard hits you with a +0 dagger.
You shoot a bolt. The bolt misses the orc wizard.
The liquid fire burns you!
Your surroundings seem slightly different.
You shoot a bolt. The bolt barely misses the orc wizard.
The liquid fire burns you!
You die...

.###+###+# ##+###
.........# .....#
.....)o..# # .... #.
#o.# .# #..#
###..##..###.###..##
.....'........#....+
#.@......#..<.#
###..######.###
#..######)#
#....+..).#
#....#.)).#
##..###...#
##..###...#
#)>..)....#
#.........#


You could see an orc wizard and an orc.

Vanquished Creatures
  A kobold brigand (Sewer)
  A bombardier beetle (D:5)
  2 hounds (D:4)
  2 sleepcaps
  7 gnolls
  3 river rats
  5 adders
  5 ribbon worms
  A dart slug (D:1)
  4 orcs
  7 ball pythons
  6 endoplasms
  6 giant cockroaches
  4 goblins
  7 hobgoblins
  4 jackals
  4 quokkas (D:1)
  3 bats
  3 frilled lizards
  13 kobolds
  7 rats
  A spectral goblin (D:2)
96 creatures vanquished.

Notes
Turn   | Place    | Note
-------+----------+-------------------------------------------
     0 | D:1      | qw the Spriggan Hunter began the quest for the Orb.
     0 | D:1      | Reached XP level 1. HP: 10/10 MP: 2/2
     0 | D:1      | 0 ||| qw: Version: 0.3-a-155-g5e7d8dd
     0 | D:1      | 0 ||| qw: Game counter: 928
     0 | D:1      | 0 ||| qw: Melee chars always use a shield: true
     0 | D:1      | 0 ||| qw: God list: Okawaru
     0 | D:1      | 0 ||| qw: Allow faded altars: false
     0 | D:1      | 0 ||| qw: Do Orc after clearing Dungeon:15 true
     0 | D:1      | 0 ||| qw: Do second Lair branch before Depths: true
     0 | D:1      | 0 ||| qw: Lair rune preference: random
     0 | D:1      | 0 ||| qw: Goals: Normal
     0 | D:1      | 0 ||| PLANNING D:1-11
    35 | D:1      | Reached skill level 3 in Dodging
   125 | D:1      | Reached XP level 2. HP: 9/14 MP: 3/3
   899 | D:1      | 899 ||| READING scroll labelled CUTHRI GIASH.
   900 | D:1      | 900 ||| READING 2 scrolls labelled CIAD GUYSE.
   900 | D:1      | 900 ||| IDENTIFYING metallic brown potion
   901 | D:1      | 901 ||| READING scroll of identify.
   901 | D:1      | 901 ||| IDENTIFYING dark potion
   902 | D:1      | 902 ||| READING scroll labelled NENTIWOYSAEH.
   903 | D:1      | 903 ||| READING scroll labelled JOUDYKHLIYRU.
   904 | D:1      | 904 ||| DROPPING scroll of butterflies.
   905 | D:1      | 905 ||| DROPPING potion of degeneration.
   985 | D:2      | Reached XP level 3. HP: 18/18 MP: 4/4
  1231 | D:2      | Found a faded altar of an unknown god.
  1961 | D:2      | 1961 ||| UPGRADING to +1 hat.
  1966 | D:2      | 1966 ||| READING 3 scrolls of identify.
  1966 | D:2      | 1966 ||| IDENTIFYING bubbling amethyst potion
  1967 | D:2      | 1967 ||| READING 2 scrolls of identify.
  1967 | D:2      | 1967 ||| IDENTIFYING 2 purple potions
  1968 | D:2      | 1968 ||| READING scroll of identify.
  1968 | D:2      | 1968 ||| IDENTIFYING 2 blue potions
  1969 | D:2      | 1969 ||| READING 2 scrolls labelled UKURUG BASKAVOH.
  1973 | D:2      | 1973 ||| READING scroll labelled QETUZU RIMIGI.
  1974 | D:2      | 1974 ||| READING 2 scrolls labelled FUPTIC TOTWO.
  1974 | D:2      | 1974 ||| ENCHANTING +0 shortbow.
  1975 | D:2      | 1975 ||| READING scroll of enchant weapon.
  1975 | D:2      | 1975 ||| ENCHANTING +1 shortbow.
  2018 | D:3      | 2018 ||| PLANNING SEWER
  2039 | D:3      | Reached XP level 4. HP: 22/22 MP: 5/5
  2130 | D:3      | Found a glowing drain.
  2131 | D:3      | 2131 ||| UPGRADING to +5 ring of evasion.
  2150 | Sewer    | Entered a sewer
  2223 | Sewer    | Noticed a kobold brigand
  2226 | Sewer    | 2226 ||| DRINKING 2 potions of haste.
  2240 | Sewer    | Killed a kobold brigand
  2241 | Sewer    | Reached XP level 5. HP: 15/28 MP: 6/6
  2321 | Sewer    | Found a white marble altar of Elyvilon.
  2365 | D:3      | 2365 ||| PLANNING D:1-11
  2884 | D:3      | 2884 ||| READING scroll labelled SIPRUEM ETURO.
  2985 | D:3      | 2985 ||| DRINKING 3 black potions.
  3072 | D:4      | Reached XP level 6. HP: 32/32 MP: 7/7
  3145 | D:4      | Reached skill level 6 in Ranged Weapons
  3359 | D:4      | 3359 ||| SWAPPING to +0 arbalest.
  3364 | D:4      | 3364 ||| DROPPING +2 shortbow.
  3390 | D:4      | Found a runed translucent door.
  3391 | D:4      | Noticed Crazy Yiuf
  4034 | D:4      | 4034 ||| READING 2 scrolls of identify.
  4034 | D:4      | 4034 ||| IDENTIFYING sedimented green potion
  4035 | D:4      | 4035 ||| DROPPING potion of lignification.
  4067 | D:5      | Entered Level 5 of the Dungeon
  4080 | D:5      | 4080 ||| RETREEEEATING.
  4088 | D:5      | Reached skill level 6 in Dodging
  4144 | D:5      | HP: 7/32 [burnt (3)]
  4145 | D:5      | 4145 ||| READING scroll of teleportation.
  4145 | D:5      | HP: 2/32 [burnt (3)]
  4146 | D:5      | 4146 ||| DRINKING potion of heal wounds.
  4149 | D:5      | Incinerated by a bombardier beetle

Levels and vault maps discovered:
D:1:      psy_arrival_conway, layout_basic, minmay_hexomino_r4
D:2:      layout_loops_corners, dreamdust_ecumenical_altar_drowned_temple,
          minmay_misc_feat_hallway, kennysheep_minor_cross, dk_vineyard_2
D:3:      layout_basic, cheibrodos_sewer_entry_sluice, minivault_27
D:4:      layout_layer_cave, uniq_crazy_yiuf_cottage
D:5:      layout_gridville, mainiacjoe_overflow_concentric_impassable,
          mainiacjoe_overflow_24_doors

Skill      XL: |  1  2  3  4  5  6 |
---------------+-------------------+-----
Dodging        | 3 4 5 6 |  6.2
Ranged Weapons | 5 6 |  6.3
Fighting       | 2 |  2.8
Stealth        | |  1.5

Action                     |  1- 3 |  4- 6 || total
---------------------------+-------+-------++-------
   Fire: Shortbow          |   124 |   105 ||   229
         Arbalest          |       |    38 ||    38
    Use: Scroll            |    12 |     3 ||    15
         Potion            |       |     3 ||     3
 Armour: Robe              |    13 |    12 ||    25
  Dodge: Dodged            |    39 |    68 ||   107

Table legend:
 A = Non-vault XP
 B = Vault XP
 C = Vault XP percentage of total XP
 D = Non-vault monster count
 E = Vault monster count
 F = Vault count percentage of total count
                 A         B        C        D         E       F
            +---------+---------+-------+---------+---------+-------
      Total |     497 |     163 |  24.7 |      77 |      19 |  19.8
            +---------+---------+-------+---------+---------+-------
        D:1 |      35 |       5 |  12.5 |      19 |       3 |  13.6
        D:2 |      50 |       1 |   2.0 |      19 |       1 |   5.0
        D:3 |      29 |      19 |  39.6 |      14 |       3 |  17.6
        D:4 |     224 |       0 |   0.0 |      16 |       0 |   0.0
        D:5 |     159 |       0 |   0.0 |       9 |       0 |   0.0
      Sewer |       0 |     138 | 100.0 |       0 |      12 | 100.0
            +---------+---------+-------+---------+---------+-------
